Good Luck, Have fun

Match 31124501
End
Kradschützen Motorcycle Team
Selects Italian Combined Arms Battlegroup
Selects Bersaglieri Squad
Bersaglieri Squad
Bersaglieri Squad
250 Light Carrier
Selects Bersaglieri Bolster
Kradschützen Motorcycle Team
Bersaglieri Squad
Construct Light Support Kompanie
Fire Support Elements
Panzerjäger Mechanized Group
Selects Semovente da 75/18 Assault Gun
Selects Carro Armato M13/40 Light Tank
Carro Armato M13/40 Light Tank
Carro Armato M13/40 Light Tank
Selects Pact of Steel
Carro Armato M13/40 Light Tank
Carro Armato M13/40 Light Tank
Selects Vehicle Support - Force Recon
Carro Armato M13/40 Light Tank
Pak 38 Mechanized Group
Carro Armato M13/40 Light Tank
Carro Armato M13/40 Light Tank
Pak 38 Anti-tank Gun Team
Construct Panzerarmee Kommand
Flak 36 Anti-tank Gun Team
Carro Armato M13/40 Light Tank
Alpenwell
Jaap Aap
0
0

Comments sign in to comment!

No comments posted yet!